 Dungeon Crawl Stone Soup version 0.24-b1-44-g37ad8b309f (webtiles) character file.

Game seed: 9042672097746553425, levelgen mode: deterministic

100 Gildeon the Ducker (level 4, -4/31 HPs)
             Began as an Octopode Fighter on Oct 23, 2019.
             Was an Initiate of Okawaru.
             Killed by divine providence
             ... invoked by an orc priest
              (11 damage)
             ... on level 3 of the Dungeon.
             The game lasted 00:05:51 (1499 turns).

Gildeon the Ducker (Octopode Fighter)               Turns: 1499, Time: 00:05:51

Health: -4/31      AC:  1    Str: 15    XL:     4   Next: 73%
Magic:  4/4        EV: 12    Int: 10    God:    Okawaru [......]
Gold:   117        SH:  8    Dex: 12    Spells: 3/3 levels left

rFire    . . .     SeeInvis .   a - +0 trident
rCold    . . .     Gourm    .   b - +0 shield
rNeg     . . .     Faith    .   (helmet restricted)
rPois    .         Spirit   .   (no amulet)
rElec    .         Reflect  .   g - ring of flight
rCorr    .         Harm     .   (no ring)
MR       .....                  (no ring)
Stlth    +++.......             (no ring)
HPRegen  0.10/turn              (no ring)
MPRegen  0.09/turn              (no ring)
                                (no ring)
                                (no ring)

@: slowed, very slow
A: almost no armour, stealthy swim, amphibious, 8 rings, constrict 8, camouflage
1, gelatinous body 1
a: Renounce Religion, Evoke Flight


You were on level 3 of the Dungeon.
You worshipped Okawaru.
Okawaru was noncommittal.
You were not hungry.

You visited 1 branch of the dungeon, and saw 3 of its levels.

You collected 117 gold pieces.

Inventory:

Hand Weapons
 a - a +0 trident (weapon)
Missiles
 e - 7 atropa-tipped darts (quivered)
 n - 11 poisoned darts
Armour
 b - a +0 shield (worn)
Jewellery
 g - a ring of flight (left tentacle)
 l - a +5 ring of strength {unknown}
Scrolls
 i - a scroll of amnesia {unknown}
Potions
 c - a potion of might
 h - a potion of curing {unknown}
 j - 3 potions of flight
 k - a potion of heal wounds {unknown}
Comestibles
 d - 2 rations
 f - 2 chunks of flesh


   Skills:
 - Level 3.0 Fighting
 + Level 3.1 Polearms
 + Level 3.9 Dodging
 + Level 3.3 Stealth
 - Level 3.0 Shields


You had 3 spell levels left.
You didn't know any spells.
Your spell library was empty.

Dungeon Overview and Level Annotations

Branches:
Dungeon (3/15)

Altars:
Ashenzari
Okawaru

Annotations:
D:3 exclusion: 3 gnolls


Innate Abilities, Weirdness & Mutations

You cannot wear most types of armour.
You are very stealthy in the water. (Stealth+)
You are amphibious.
You can wear up to eight rings at the same time.
You can use your tentacles to constrict eight enemies at once.
Your skin changes colour to match your surroundings (Stealth+).
Your rubbery body absorbs attacks. (AC +1, EV +1)


Message History

Your grab misses the orc wizard.
The orc wizard casts a spell.
The orc wizard seems to speed up.
You block the orc's attack.
You hit the orc wizard but do no damage.
Your grab misses the orc wizard.
The orc wizard hits you with a +0 dagger.
You block the orc's attack. The orc barely misses you.
The orc wizard gestures at you while chanting.
You feel yourself slow down. The orc hits you with a +0 hand axe.
* * * LOW HITPOINT WARNING * * *
You hit the orc wizard. You grab the orc wizard. You squeeze the orc wizard.
The orc wizard is heavily wounded.
You constrict the orc wizard.
The orc wizard hits you but does no damage.
You block the orc's attack. The orc closely misses you.
The orc wizard hits you with a +0 dagger.
* * * LOW HITPOINT WARNING * * *
The orc priest calls down the wrath of Beogh upon you.
Beogh smites you!
You die...

############# ##
#...oo..†...# #.
#...@o..o)..########.
......#o######..........
#####.#.# #..######## #
#.# #.......... #.#
#.o<.#####. #.# #>...#
#. ... .....# #( #.#
##o.#.# #r o..o.# #_


You could see an orc priest, an orc wizard and 3 orcs.

Vanquished Creatures
  3 adders
  2 worms
  4 dart slugs (D:1)
  A leopard gecko (D:3)
  2 orcs (D:3)
  3 giant cockroaches
  8 goblins
  5 hobgoblins
  6 kobolds
  A quokka (D:2)
  8 bats
  5 frilled lizards
  9 rats
57 creatures vanquished.

Notes
Turn   | Place    | Note
-------+----------+-------------------------------------------
     0 | D:1      | Gildeon the Octopode Fighter began the quest for the Orb.
     0 | D:1      | Reached XP level 1. HP: 16/16 MP: 1/1
    79 | D:1      | Reached skill level 1 in Stealth
    80 | D:1      | Reached XP level 2. HP: 14/21 MP: 0/2
   404 | D:1      | Reached XP level 3. HP: 25/26 MP: 3/3
  1049 | D:2      | Reached XP level 4. HP: 28/31 MP: 4/4
  1141 | D:2      | Found an iron altar of Okawaru.
  1156 | D:2      | Became a worshipper of Warmaster Okawaru
  1437 | D:3      | Found a shattered altar of Ashenzari.
  1499 | D:3      | Killed from afar by an orc priest

Skill      XL: |  1  2  3  4 |
---------------+-------------+-----
Stealth        | 1 2 3 |  3.3
Polearms       | 3 |  3.1
Fighting       | |  3.0
Dodging        | |  3.9
Shields        | |  3.0

Action                   |  1- 3 |  4- 6 || total
-------------------------+-------+-------++-------
Melee: Trident           |    61 |    43 ||   104
       Constrict         |    17 |    14 ||    31
       Tentacles         |    12 |     7 ||    19
Throw: Dart              |     3 |       ||     3
  Use: Scroll            |     1 |     2 ||     3
 Stab: Sleeping          |     5 |     7 ||    12
       Invisible         |     1 |       ||     1
  Eat: Chunk             |       |     2 ||     2
Armor: Skin              |    10 |     2 ||    12
Dodge: Dodged            |    24 |    17 ||    41
Block: Shield            |    25 |    18 ||    43
